 Dungeon Crawl Stone Soup version 0.31-a0-1009-g454b1f1 (webtiles) character file.

Game seed: 3183437809592680490

46 Partyfoot the Ruffian (level 3, -2/26 HPs)
             Began as a Demonspawn Shapeshifter on Nov 14, 2023.
             Slain by an orc
             ... wielding a +0 trident
              (6 damage)
             ... on level 3 of the Dungeon.
             The game lasted 00:03:35 (1509 turns).

Partyfoot the Ruffian (Demonspawn Shapeshifter)     Turns: 1509, Time: 00:03:36

Health: -2/26      AC:  2    Str: 16    XL:     3   Next: 46%
Magic:  3/3        EV: 12    Int: 11    God:
Gold:   90         SH:  0    Dex: 12    Spells: 2/2 levels left

rFire   . .          .
                       - Unarmed
rCold   + . .        (no shield)
rNeg    . . .        a - +0 animal skin
rPois   +            (helmet currently unavailable)
rElec   .            (cloak currently unavailable)
rCorr   .            (gloves currently unavailable)
SInv    .            (boots currently unavailable)
Will    .....        (no amulet)
Stlth   +            f - ring of poison resistance
HPRegen 0.24/turn    n - ring of protection from cold
MPRegen 0.08/turn

%: no passive effects
@: beast-form
A: beast (slay +1), foul stench 1, powered by pain 1
a: Begin Untransformation


You were on level 3 of the Dungeon.
You were a hulking beast.
You visited 1 branch of the dungeon, and saw 3 of its levels.

You collected 90 gold pieces.

Inventory:

Armour
 a - a +0 animal skin (worn)
 k - a +0 pair of boots
Jewellery
 f - a ring of poison resistance (left hand)
 n - a ring of protection from cold (right hand)
Talismans
 c - a beast talisman
 d - a flux talisman
Wands
 j - a wand of digging (7)
Scrolls
 e - a scroll of blinking {unknown}
 g - a scroll of poison {unknown}
 i - a scroll of fog {unknown}
 l - a scroll of identify {unknown}
 m - a scroll of noise {unknown}
Potions
 b - a potion of lignification
 h - 2 potions of mutation {unknown}


   Skills:
 - Level 1.0 Fighting
 - Level 1.7 Dodging
 + Level 3.4 Unarmed Combat
 + Level 3.3 Shapeshifting


You had 2 spell levels left.
You didn't know any spells.
Your spell library contained the following spells:

 Spells                   Type           Power      Damage    Failure   Level
 Summon Small Mammal      Summ           0%         N/A       34%         1
 Call Canine Familiar     Summ           0%         N/A       71%         3
 Summon Guardian Golem    Hex/Summ       0%         N/A       71%         3
 Summon Forest            Summ/Tloc      0%         N/A       100%        5
 Eringya's Noxious Bog    Tmut/Pois      0%         4d6       100%        6
 Summon Hydra             Summ           0%         N/A       100%        7


Dungeon Overview and Level Annotations

Branches:
Dungeon (3/15)

Altars:


Innate Abilities, Weirdness & Mutations

You are a hulking beast.
Your limbs bulge with bestial killing power. (Slay +1)
You may rarely emit foul miasma when damaged in melee.
You sometimes gain a little power by taking damage.


Message History

An orc comes into view. It is wielding a +0 trident.
Found a tubular brass ring and a yellow potion. 6 orcs come into view.
An orc is wielding a +0 dagger of venom.
The orc shouts! x3
An orc comes into view. It is wielding a +0 trident.
The orc shouts!
The orc shouts! x2
You hit the orc.
The orc is almost dead.
The orc closely misses you.
You hit the orc.
You kill the orc!
You hit the orc.
The orc is almost dead.
The orc closely misses you.
The orc hits you from afar with a +0 trident.
You hit the orc.
You kill the orc!
The orc hits you from afar with a +0 trident!
The orc barely misses you. The orc barely misses you.
The orc closely misses you.
Things that are here:
a +0 club; a +0 hand axe; an orc corpse You hit the orc.
The orc is almost dead.
The orc closely misses you. The orc hits you but does no damage.
You barely miss the orc.
The orc is almost dead.
The orc hits you from afar with a +0 trident.
The orc barely misses you.
You completely miss the orc.
The orc is almost dead.
The orc hits you from afar with a +0 trident!
* * * LOW HITPOINT WARNING * * *
You barely miss the orc. You punch the orc.
You kill the orc!
The orc misses you.
The orc hits you from afar with a +0 trident.
You die...

#...........#
!..........o#
#........oo.#
#........o.
#....".#
##.#..o#
##.....o###
.>....ooo)#
#####.###h#
... #.###
..... #...#
=.... ###.##
..... #..#
.... ##.# #.#
#.#
######.#####


You could see 5 orcs.

Vanquished Creatures
  2 worms (D:2)
  A dart slug (D:1)
  4 orcs (D:3)
  3 bats
  2 endoplasms (D:1)
  3 giant cockroaches (D:2)
  4 goblins
  2 jackals (D:2)
  2 kobolds (D:1)
  4 quokkas
  4 ball pythons
  3 rats
34 creatures vanquished.

Notes
Turn   | Place    | Note
-------+----------+-------------------------------------------
     0 | D:1      | Partyfoot the Demonspawn Shapeshifter began the quest for
                  | the Orb.
     0 | D:1      | Reached XP level 1. HP: 15/15 MP: 1/1
   168 | D:1      | Gained mutation: You may rarely emit foul miasma when
                  | damaged in melee. [demonic ancestry]
   168 | D:1      | Reached XP level 2. HP: 20/21 MP: 2/2
   634 | D:2      | Gained mutation: You sometimes gain a little power by
                  | taking damage. [demonic ancestry]
   634 | D:2      | Reached XP level 3. HP: 22/26 MP: 3/3
  1509 | D:3      | Slain by an orc

Illustrated notes

Levels and vault maps discovered:
D:1:      matt_arrival_grand_opening, layout_loops_cross
D:2:      layout_basic, nicolae_underground_beach
D:3:      layout_basic, tgw_kikubaaqudgha, shapermc_ecumenical_altar_ellora,
          hellmonk_no_cap

Skill      XL: |  1  2 |
---------------+-------+-----
Unarmed Combat | 3 |  3.4
Shapeshifting  | 3 |  3.3
Fighting       | |  1.0
Dodging        | |  1.7

Action                     || total
---------------------------++-------
  Melee: Unarmed           ||   113
         Punch             ||     3
 Armour: Animal skin       ||    50
  Dodge: Dodged            ||    64

Table legend: (Time is in decaauts)
 A = Elapsed time spent in this place.
 B = Non-inter-level travel time spent in this place.
 C = Inter-level travel time spent in this place.
 D = Time resting spent in this place.
 E = Time spent auto-exploring this place.
 F = Levels seen in this place.
 G = Mean time per level.
                   A        B        C        D        E       F      G
               +--------+--------+--------+--------+--------+-----+--------+
         Total |   1501 |   1493 |      8 |    117 |   1119 |   3 |  500.3 |
       Dungeon |   1501 |   1493 |      8 |    117 |   1119 |   3 |  500.3 |
               +--------+--------+--------+--------+--------+-----+--------+

Top non-repeatable levels by time:
     D:2: 942 daAuts
     D:1: 501 daAuts
     D:3: 57 daAuts
